PIO (24 & UNDER)
JASPER COUGARS @ SALEM SLEDGEHAMMERS
09/25/2027
 
TOP OF THE 1ST
Jasper Cougars batting - Pitching for Salem Sledgehammers : LHP Ken Johnston
Pitching: LHP Ken Johnston
Batting: LHB Jon Rogers 0-0: Called Strike
0-1: Swinging Strike
0-2: Ball
1-2: Strikes out looking
Batting: RHB Bob Cole 0-0: Called Strike
0-1: Ball
1-1: Ground out 1-3 (Groundball, P)
Batting: LHB António Camacho 0-0: Ball
1-0: Foul Ball, location: 2F
1-1: Ball
2-1: Foul Ball, location: 2F
2-2: Fly out, F8 (Flyball, 8LD)
Top of the 1st over - 0 run(s), 0 hit(s), 0 error(s), 0 left on base; Jasper 0 - Salem 0
BOTTOM OF THE 1ST
Salem Sledgehammers batting - Pitching for Jasper Cougars : LHP Edgardo Reyes
Pitching: LHP Edgardo Reyes
Batting: RHB Gilberto Silva 0-0: Foul Ball, location: 2F
0-1: Called Strike
0-2: Foul Ball, location: 2F
0-2: Foul Ball, location: 2F
0-2: Fly out, F7 (Flyball, 7S)
Batting: RHB José García 0-0: Ball
1-0: SINGLE (Groundball, 34D)
Batting: RHB Gilberto Tovar 0-0: Called Strike
0-1: Ball
1-1: Foul Ball, location: 2F
1-2: Ball
2-2: Grounds into double play, 3-6-3 (Groundball, 3)
Bottom of the 1st over - 0 run(s), 1 hit(s), 0 error(s), 0 left on base; Jasper 0 - Salem 0
TOP OF THE 2ND
Jasper Cougars batting - Pitching for Salem Sledgehammers : LHP Ken Johnston
Batting: LHB Jon Scott 0-0: Ball
1-0: Ball
2-0: Called Strike
2-1: Ball
3-1: Base on Balls
Batting: RHB Ron Elazar 0-0: Foul Ball, location: 2F
0-1: Swinging Strike
0-2: Strikes out looking
Batting: LHB David Adams 0-0: Ball
1-0: Ground out 4-3 (Groundball, 34)
Jon Scott to second
Batting: LHB Francisco Cardenas 0-0: Ball
Wild Pitch!
Jon Scott to third
1-0: Called Strike
1-1: Foul Ball, location: 2F
1-2: Strikes out swinging
Top of the 2nd over - 0 run(s), 0 hit(s), 0 error(s), 1 left on base; Jasper 0 - Salem 0
BOTTOM OF THE 2ND
Salem Sledgehammers batting - Pitching for Jasper Cougars : LHP Edgardo Reyes
Batting: SHB Enrique Uribe 0-0: Ball
1-0: Foul Ball, location: 2F
1-1: Ball
2-1: Swinging Strike
2-2: SOLO HOME RUN (Flyball, 9D), Distance : 418 ft
Batting: RHB Glenn Broadwater 0-0: Ball
1-0: Ground out 5-3 (Groundball, 56)
Batting: RHB Bobby Miller 0-0: Ball
1-0: Ball
2-0: Called Strike
2-1: Ball
3-1: Base on Balls
Batting: RHB Harvey Mawhinney 0-0: Ball
Pickoff Throw by Catcher to First - Out!
1-0: Ground out 6-3 (Groundball, 56)
Bottom of the 2nd over - 1 run(s), 1 hit(s), 0 error(s), 0 left on base; Jasper 0 - Salem 1
TOP OF THE 3RD
Jasper Cougars batting - Pitching for Salem Sledgehammers : LHP Ken Johnston
Batting: RHB José Maldonado 0-0: Called Strike
0-1: Swinging Strike
0-2: Ball
1-2: Ball
2-2: Foul Ball, location: 2F
2-2: Strikes out looking
Batting: RHB Alberto Castillo 0-0: Swinging Strike
0-1: Fly out, F8 (Flyball, 8LS)
Batting: LHB Jon Rogers 0-0: Called Strike
0-1: Foul Ball, location: 2F
0-2: Strikes out swinging
Top of the 3rd over - 0 run(s), 0 hit(s), 0 error(s), 0 left on base; Jasper 0 - Salem 1
BOTTOM OF THE 3RD
Salem Sledgehammers batting - Pitching for Jasper Cougars : LHP Edgardo Reyes
Batting: RHB Robert Stevens 0-0: Ball
1-0: Fly out, F8 (Flyball, 89S)
Batting: RHB Lakota O'Reilly 0-0: Ball
1-0: SINGLE (Groundball, 4MD)
Batting: RHB Gilberto Silva 0-0: Foul Ball, location: 2F
0-1: SINGLE (Line Drive, 89M)
Lakota O'Reilly to second
Batting: RHB José García 0-0: Ball
1-0: Called Strike
1-1: Foul Ball, location: 2F
1-2: Ball
2-2: Strikes out looking
Batting: RHB Gilberto Tovar 0-0: Ball
1-0: Ball
2-0: Called Strike
2-1: Foul Ball, location: 2F
2-2: Strikes out swinging
Bottom of the 3rd over - 0 run(s), 2 hit(s), 0 error(s), 2 left on base; Jasper 0 - Salem 1
TOP OF THE 4TH
Jasper Cougars batting - Pitching for Salem Sledgehammers : LHP Ken Johnston
Batting: RHB Bob Cole 0-0: Ball
1-0: Ball
2-0: Ground out 4-3 (Groundball, 4S)
Batting: LHB António Camacho 0-0: Ball
1-0: Ball
2-0: Foul Ball, location: 2F
2-1: Swinging Strike
2-2: Fly out, F7 (Flyball, 7)
Batting: LHB Jon Scott 0-0: Called Strike
0-1: SINGLE (Flyball, 9LS)
Batting: RHB Ron Elazar 0-0: Ball
1-0: Foul Ball, location: 2F
1-1: Swinging Strike
1-2: Ball
2-2: Foul Ball, location: 2F
2-2: Strikes out swinging
Top of the 4th over - 0 run(s), 1 hit(s), 0 error(s), 1 left on base; Jasper 0 - Salem 1
BOTTOM OF THE 4TH
Salem Sledgehammers batting - Pitching for Jasper Cougars : LHP Edgardo Reyes
Batting: SHB Enrique Uribe 0-0: Ball
1-0: Ball
2-0: Ball
3-0: Base on Balls
Batting: RHB Glenn Broadwater 0-0: Ball
Enrique Uribe steals 2nd base
1-0: Ball
2-0: Fly out, F8 (Flyball, 8RS)
Batting: RHB Bobby Miller 0-0: Ball
Enrique Uribe is caught stealing 3rd base
1-0: Ball
2-0: Called Strike
2-1: Ball
3-1: Base on Balls
Batting: RHB Harvey Mawhinney 0-0: Called Strike
0-1: Ball
1-1: Foul Ball, location: 2F
1-2: Ball
2-2: Fly out, F7 (Line Drive, 7)
Bottom of the 4th over - 0 run(s), 0 hit(s), 0 error(s), 1 left on base; Jasper 0 - Salem 1
TOP OF THE 5TH
Jasper Cougars batting - Pitching for Salem Sledgehammers : LHP Ken Johnston
Batting: LHB David Adams 0-0: Ball
1-0: Ball
2-0: SINGLE (Flyball, 6MD)
Batting: LHB Francisco Cardenas 0-0: Ball
1-0: Called Strike
1-1: Called Strike
1-2: Ball
2-2: Ball
3-2: Base on Balls
David Adams to second
Batting: RHB José Maldonado 0-0: Ball
1-0: Fly out, F9 (Flyball, 9)
Runner from 2nd tags up, SAFE at 3rd with throw
Batting: RHB Alberto Castillo 0-0: Ball
1-0: Called Strike
1-1: Fly out, F9 (Flyball, 9S)
Batting: LHB Jon Rogers 0-0: Called Strike
0-1: Ball
1-1: Swinging Strike
1-2: Strikes out looking
Top of the 5th over - 0 run(s), 1 hit(s), 0 error(s), 2 left on base; Jasper 0 - Salem 1
BOTTOM OF THE 5TH
Salem Sledgehammers batting - Pitching for Jasper Cougars : LHP Edgardo Reyes
Batting: RHB Robert Stevens 0-0: Called Strike
0-1: Ball
1-1: Foul Ball, location: 2F
1-2: Ball
2-2: Ball
3-2: Foul Ball, location: 2F
3-2: Strikes out swinging
Batting: RHB Lakota O'Reilly 0-0: Fly out, F8 (Flyball, 8RS)
Batting: RHB Gilberto Silva 0-0: Ball
1-0: Ball
2-0: Called Strike
2-1: DOUBLE (Line Drive, 89D)
Batting: RHB José García 0-0: Ball
1-0: Ball
2-0: Ball
3-0: Base on Balls
Batting: RHB Gilberto Tovar 0-0: Called Strike
0-1: Called Strike
0-2: Foul Ball, location: 2F
0-2: Ball
1-2: Ball
2-2: SINGLE (Groundball, 56S) (infield hit)
Gilberto Silva to third
José García to second
Batting: SHB Enrique Uribe 0-0: Called Strike
0-1: Foul Ball, location: 2F
0-2: Ball
1-2: Foul Ball, location: 2F
1-2: Foul Ball, location: 2F
1-2: Strikes out looking
Bottom of the 5th over - 0 run(s), 2 hit(s), 0 error(s), 3 left on base; Jasper 0 - Salem 1
TOP OF THE 6TH
Jasper Cougars batting - Pitching for Salem Sledgehammers : LHP Ken Johnston
Batting: RHB Bob Cole 0-0: Ball
1-0: Swinging Strike
1-1: Ball
2-1: Ball
3-1: Base on Balls
Batting: LHB António Camacho 0-0: Ground out 4-3 (Groundball, 4S)
Bob Cole to second
Pitching: RHP Gustavo Castillo
Batting: LHB Jon Scott 0-0: Ball
Bob Cole is caught stealing 3rd base
1-0: Ball
2-0: Called Strike
2-1: Called Strike
2-2: Ball
3-2: Base on Balls
Batting: RHB Ron Elazar 0-0: Called Strike
0-1: Foul Ball, location: 2F
0-2: Ball
1-2: Strikes out swinging
Top of the 6th over - 0 run(s), 0 hit(s), 0 error(s), 1 left on base; Jasper 0 - Salem 1
BOTTOM OF THE 6TH
Salem Sledgehammers batting - Pitching for Jasper Cougars : LHP Edgardo Reyes
Pitching: LHP Javier Galeas
Batting: RHB Glenn Broadwater 0-0: Ball
1-0: Foul Ball, location: 2F
1-1: Ball
2-1: Ball
3-1: Base on Balls
Pinch Runner at 1st Donovan James:
Batting: RHB Bobby Miller 0-0: Called Strike
0-1: Grounds into double play, 6-4-3 (Groundball, 6)
Batting: RHB Harvey Mawhinney 0-0: Called Strike
0-1: Foul Ball, location: 2F
0-2: Ball
1-2: Strikes out swinging
Bottom of the 6th over - 0 run(s), 0 hit(s), 0 error(s), 0 left on base; Jasper 0 - Salem 1
TOP OF THE 7TH
Jasper Cougars batting - Pitching for Salem Sledgehammers : RHP Gustavo Castillo
Now in LF: Juan Chávez
Batting: LHB David Adams 0-0: Ball
1-0: Ball
2-0: Called Strike
2-1: Ball
3-1: Foul Ball, location: 2F
3-2: Base on Balls
Pinch Hitting: LHB Kyle Harrison 0-0: Ball
1-0: Sac Bunt - play at first, batter OUT! 1-4
David Adams to second
Batting: RHB José Maldonado 0-0: Ground out 3-1 (Groundball, 34)
David Adams to third
Pinch Hitting: LHB John Stone 0-0: Foul Ball, location: 2F
0-1: Foul Ball, location: 2F
0-2: Fly out, F4 (Line Drive, 4)
Top of the 7th over - 0 run(s), 0 hit(s), 0 error(s), 1 left on base; Jasper 0 - Salem 1
BOTTOM OF THE 7TH
Salem Sledgehammers batting - Pitching for Jasper Cougars : LHP Javier Galeas
Now at 1B: Juan Carlos
Now in CF: John Stone
Batting: RHB Robert Stevens 0-0: Called Strike
0-1: Ball
1-1: Swinging Strike
1-2: Strikes out swinging
Batting: RHB Lakota O'Reilly 0-0: Foul Ball, location: 2F
0-1: Called Strike
0-2: Strikes out swinging
Batting: RHB Gilberto Silva 0-0: Reached on error, E6 (Groundball, 6)
Batting: RHB José García 0-0: Called Strike
Gilberto Silva steals 2nd base
0-1: Ball
1-1: Foul Ball, location: 2F
1-2: Foul Ball, location: 2F
1-2: Ball
2-2: Foul Ball, location: 2F
2-2: Ball
3-2: Base on Balls
Batting: RHB Gilberto Tovar 0-0: Ball
1-0: Foul Ball, location: 2F
1-1: Ball
2-1: Foul Ball, location: 2F
2-2: SINGLE (Line Drive, 3D)
Gilberto Silva to third
José García to second
Runner from 3rd tries for Home, SAFE, no throw
Batting: SHB Enrique Uribe 0-0: Called Strike
0-1: Ball
1-1: Ball
2-1: Foul Ball, location: 2F
2-2: Ball
3-2: Base on Balls
José García to third
Gilberto Tovar to second
Pinch Hitting: RHB Fernando Bórquez Error on foul ball, E3
0-1: Ball
1-1: Ball
Wild Pitch!
José García scores
Gilberto Tovar to third
Enrique Uribe to second
2-1: Ball
3-1: Fly out, F7 (Flyball, 7LMF)
Bottom of the 7th over - 2 run(s), 1 hit(s), 2 error(s), 2 left on base; Jasper 0 - Salem 3
TOP OF THE 8TH
Jasper Cougars batting - Pitching for Salem Sledgehammers : RHP Gustavo Castillo
Now at 3B: Fernando Bórquez
Batting: LHB Jon Rogers 0-0: Ball
1-0: Ball
2-0: Swinging Strike
2-1: Ball
3-1: Base on Balls
Pitching: RHP Ron Moore
Batting: RHB Bob Cole 0-0: Foul Ball, location: 2F
0-1: Fly out, F8 (Line Drive, 89M)
Batting: LHB António Camacho 0-0: Ball
1-0: Called Strike
1-1: Ball
2-1: Ball
3-1: Swinging Strike
3-2: Strikes out swinging
Jon Rogers steals 2nd base
Batter strikes out.
Batting: LHB Jon Scott 0-0: Called Strike
0-1: Called Strike
0-2: Strikes out swinging
Top of the 8th over - 0 run(s), 0 hit(s), 0 error(s), 1 left on base; Jasper 0 - Salem 3
BOTTOM OF THE 8TH
Salem Sledgehammers batting - Pitching for Jasper Cougars : LHP Javier Galeas
Pitching: LHP Alfredo Maestas
Batting: RHB Bobby Miller 0-0: Ball
1-0: Ground out 6-3 (Groundball, 56)
Batting: RHB Harvey Mawhinney 0-0: Called Strike
0-1: Swinging Strike
0-2: Ball
1-2: Ball
2-2: Foul Ball, location: 2F
2-2: Strikes out swinging
Batting: RHB Robert Stevens 0-0: Ball
1-0: Ground out 5-3 (Groundball, 56)
Bottom of the 8th over - 0 run(s), 0 hit(s), 0 error(s), 0 left on base; Jasper 0 - Salem 3
TOP OF THE 9TH
Jasper Cougars batting - Pitching for Salem Sledgehammers : RHP Ron Moore
Pitching: RHP Juan Herrera
Batting: RHB Ron Elazar 0-0: Ground out 4-3 (Groundball, 4)
Batting: LHB David Adams 0-0: Ball
1-0: Called Strike
1-1: Swinging Strike
1-2: Strikes out looking
Batting: RHB Juan Carlos 0-0: Ground out 6-3 (Groundball, 56)
Top of the 9th over - 0 run(s), 0 hit(s), 0 error(s), 0 left on base; Jasper 0 - Salem 3
Thursday, March 30th, 2017 - OOTP Baseball 17.12 Build 75